 Dungeon Crawl Stone Soup version 0.28-a0-906-g0406aca7d3 (webtiles) character file.

Game seed: 18210489558864719223

119 funkygono the Skirmisher (level 5, -1/33 HPs)
             Began as a Gargoyle Fighter on Nov 23, 2021.
             Killed by divine providence
             ... invoked by an orc priest
              (13 damage)
             ... on level 3 of the Dungeon.
             The game lasted 00:02:45 (1636 turns).

funkygono the Skirmisher (Gargoyle Fighter)         Turns: 1636, Time: 00:02:46

Health: -1/33      AC: 11    Str: 21    XL:     5   Next: 3%
Magic:  5/5        EV: 10    Int:  8    God:
Gold:   107        SH:  4    Dex:  9    Spells: 4/4 levels left

rFire   . . .      SeeInvis .   a - +0 flail (flame)
rCold   . . .      Faith    .   c - +0 buckler
rNeg    + . .      Spirit   .   b - +0 scale mail
rPois   ∞          Reflect  .   (no helmet)
rElec   +          Harm     .   (no cloak)
rCorr   .          Rampage  .   (no gloves)
Will    .....                   (no boots)
Stlth   ..........              (no amulet)
HPRegen 0.11/turn               g - ring of flight
MPRegen 0.09/turn               (no ring)

@: flying
A: sickness immunity, AC +4, negative energy resistance 1, electricity
resistance, torment resistance 1, petrification resistance
a: no special abilities


You were on level 3 of the Dungeon.
You visited 1 branch of the dungeon, and saw 3 of its levels.

You collected 107 gold pieces.

Inventory:

Hand Weapons
 a - a +0 flail of flaming (weapon)
Missiles
 f - 55 stones (quivered)
 h - 2 javelins
Armour
 b - a +0 scale mail (worn)
 c - a +0 buckler (worn)
Jewellery
 g - a ring of flight (left hand)
Scrolls
 i - a scroll of identify {unknown}
 j - a scroll of brand weapon
Potions
 d - a potion of might
 e - a potion of attraction {unknown}


   Skills:
 + Level 3.9 Fighting
 + Level 3.6 Maces & Flails
 + Level 3.7 Armour
 + Level 0.8 Dodging
 + Level 3.8 Shields


You had 4 spell levels left.
You didn't know any spells.
Your spell library was empty.

Dungeon Overview and Level Annotations

Branches:
Dungeon (3/15)

Altars:


Innate Abilities, Weirdness & Mutations

You are immune to sickness and miasma.
Your stone body is resilient. (AC +4)
You are immune to poison.
You resist negative energy. (rN+)
You are resistant to electric shocks. (rElec)
You are resistant to unholy torment.
You are immune to petrification.


Message History

The ball python constricts you.
The ball python bites you but does no damage.
The ball python constricts you.
You thump the ball python! You burn the ball python.
You kill the ball python!
Sorry, you're not good enough to have a special ability.
You start resting.
HP restored.
The jackal barks!
You hear a shout! x2
An adder comes into view.
The orc shouts!
The adder hisses angrily.
The bat hits you. The bat closely misses you.
The bat hits you but does no damage. You block the bat's attack.
You block the bat's attack.
You barely miss the bat. You block the bat's attack.
You hit the bat. You burn the bat.
You kill the bat!
The jackal bites you.
You barely miss the jackal.
The jackal bites you but does no damage.
You hit the jackal. You burn the jackal.
You kill the jackal!
The jackal bites you but does no damage.
You hit the jackal. You burn the jackal.
You kill the jackal!
The adder bites you.
You closely miss the adder. The adder misses you.
You miss the adder. The adder bites you but does no damage.
You block the adder's attack.
You closely miss the adder. The adder misses you.
The orc priest invokes the aid of Beogh against you.
Beogh smites you!
The orc priest casts a cantrip, but nothing happens.
The adder bites you but does no damage.
You sock the adder! You burn the adder.
You kill the adder!
The orc priest mumbles some strange prayers to Beogh against you.
Beogh smites you!
You die...

#.>..............
#..###...........
#..# #...........+
#..# #...........#
#..###.....>......
#............#...
#.##########...
#.##########.#####.
#......@o.oo.......
###########.######
#<# #.#
#.............#
#.......S.h...#
#h.ho..[......#
#..o..o?......#
#o.......o....#
#......o......#


You could see 2 orc priests and an orc.

Vanquished Creatures
  Jessica (D:2)
  5 adders
  A shadow imp (D:3)
  2 worms (D:2)
  2 dart slugs (D:2)
  6 ball pythons
  4 bats
  An endoplasm (D:2)
  2 giant cockroaches
  5 goblins
  3 hobgoblins
  2 jackals (D:3)
  4 kobolds
  A quokka (D:3)
  3 frilled lizards
  A rat (D:1)
43 creatures vanquished.

Notes
Turn   | Place    | Note
-------+----------+-------------------------------------------
     0 | D:1      | funkygono the Gargoyle Fighter began the quest for the Orb.
     0 | D:1      | Reached XP level 1. HP: 14/14 MP: 1/1
   253 | D:1      | Reached XP level 2. HP: 19/19 MP: 2/2
   263 | D:1      | Found a faded altar of an unknown god.
   746 | D:2      | Reached XP level 3. HP: 23/23 MP: 3/3
   871 | D:2      | Noticed Jessica
   886 | D:2      | Reached XP level 4. HP: 14/29 MP: 4/4
   892 | D:2      | Killed Jessica
  1589 | D:3      | Reached XP level 5. HP: 33/33 MP: 5/5
  1636 | D:3      | Killed from afar by an orc priest

Illustrated notes

Levels and vault maps discovered:
D:1:      lemuel_arrival_funnel, layout_rooms, ebering_ecumenical_altar_ruins,
          minivault_14, hangedman_decor_lopped, item_on_display_a
D:2:      layout_basic, due_unseen_surprise, uniq_jessica
D:3:      layout_basic, mainiacjoe_overflow_alcove_1

Skill      XL: |  1  2  3  4 |
---------------+-------------+-----
Maces & Flails | 3 |  3.6
Fighting       | |  3.9
Armour         | |  3.7
Dodging        | |  0.8
Shields        | |  3.8

Action                   |  1- 3 |  4- 6 || total
-------------------------+-------+-------++-------
Melee: Flail             |    79 |    54 ||   133
Throw: Stone             |     3 |       ||     3
  Use: Scroll            |     2 |     3 ||     5
Armor: Scale mail        |    45 |    26 ||    71
Dodge: Dodged            |    51 |    19 ||    70
Block: Buckler           |    28 |    11 ||    39

Table legend: (Time is in decaauts)
 A = Elapsed time spent in this place.
 B = Non-inter-level travel time spent in this place.
 C = Inter-level travel time spent in this place.
 D = Time resting spent in this place.
 E = Time spent auto-exploring this place.
 F = Levels seen in this place.
 G = Mean time per level.
                   A        B        C        D        E       F      G
               +--------+--------+--------+--------+--------+-----+--------+
         Total |   1671 |   1653 |     18 |    296 |    911 |   3 |  557.0 |
       Dungeon |   1671 |   1653 |     18 |    296 |    911 |   3 |  557.0 |
               +--------+--------+--------+--------+--------+-----+--------+

Top non-repeatable levels by time:
     D:2: 927 daAuts
     D:1: 600 daAuts
     D:3: 143 daAuts
